[Event "Early-Titled-Tuesday-Blitz-March-26-2024"]
[Site "Chess.com"]
[Date "2024.03.26"]
[Round "7"]
[White "lilleper1"]
[Black "Zavgorodniy_Sergiy"]
[Result "1-0"]
[WhiteElo "2911"]
[BlackElo "2630"]
[TimeControl "180+1"]
[EndTime "9:14:48 PDT"]
[Termination "lilleper1 won by checkmate"]

1. e4 c6 2. d4 d5 3. Nc3 dxe4 4. Nxe4 Bf5 5. Ng3 Bg6 6. N1e2 e6 7. Nf4 Bd6 8. h4 Bxf4 9. Bxf4 h6 10. h5 Bh7 11.
c3 Nf6 12. Bd3 Bxd3 13. Qxd3 Nbd7 14. O-O-O Qb6 15. Kb1 O-O-O 16. Rhe1 Rhe8 17. Qf3 Qb5 18. Rc1 Qd5 19. Qe2 Qxg2 20. c4 Qh3 21. Rg1 Qg4 22.
Qxg4 Nxg4 23. Ne4 Ndf6 24. Nd6+ Rxd6 25. Bxd6 Nxf2 26. Rxg7 N2e4 27. Rxf7 Nxh5 28. Be5 Nhg3 29. Rc7+ Kd8 30. Rxb7 h5 31. Rh7 Re7 32. Rh8+ Kd7 33. Rg1 h4 34. Rxh4 Ne2 35. Rd1 N4g3 36. Rg4 Nf5 37.
Rd2 Nh6 38. Rg6 Rf7 39. Rxe2 Rf1+ 40. Kc2 Nf5 41. Rg8 Rf3 42. Rh2 Ne3+ 43. Kd3 Nf5+ 44. Ke2 Re3+ 45. Kd2 c5 46. Rh7+ Kc6 47. Rc7+ Kb6 48.
Rb8+ Ka6 49. Rc6+ Ka5 50. Bc7+ Ka4 51. Ra6# 1-0

[Event "Early-Titled-Tuesday-Blitz-March-26-2024"]
[Site "Chess.com"]
[Date "2024.03.26"]
[Round "7"]
[White "Oligan22"]
[Black "TatjanaVasilevich"]
[Result "1-0"]
[WhiteElo "2480"]
[BlackElo "2606"]
[TimeControl "180+1"]
[EndTime "9:14:48 PDT"]
[Termination "Oligan22 won on time"]

1. e4 c6 2. d4 d5 3. e5 c5 4. dxc5 e6 5. a3 Bxc5 6. b4 Bb6 7. Qg4 Kf8 8. Nf3 h6 9. Bd3 f5 10. exf6 Nxf6 11. Qg6 Nc6 12. Bb2 Qe7 13. O-O e5 14. Nh4 e4 15. Be2 Bd7 16. Nc3 Ne5 17. Qg3 Bc7 18. Nxd5 Nxd5 19. Bxe5 Bxe5 20. Ng6+ Ke8 21. Nxe5 Qg5 22. Nxd7 Kxd7 23. Rad1 1-0

[Event "Early-Titled-Tuesday-Blitz-March-26-2024"]
[Site "Chess.com"]
[Date "2024.03.26"]
[Round "7"]
[White "CrushingKings"]
[Black "MaiqMaster"]
[Result "1-0"]
[WhiteElo "2577"]
[BlackElo "2397"]
[TimeControl "180+1"]
[EndTime "9:14:48 PDT"]
[Termination "CrushingKings won on time"]

1. Nf3 d5 2. g3 Nf6 3. Bg2 g6 4. b3 Bg7 5. Bb2 O-O 6. c4 c6 7.
O-O a5 8. d4 Bf5 9. Nh4 Be6 10.
Nd2 a4 11. Qc2 Nbd7 12. e4 dxe4 13. Nxe4 Nxe4 14. Bxe4 f5 15. Bg2 Bf7 16. Nf3 b5 17.
Ng5 Rc8 18. Rfe1 h6 19. Ne6 Bxe6 20. Rxe6 Rf6 21. Rae1 Rxe6 22. Rxe6 Nf8 23. Rxc6 Rxc6 24. Bxc6 Bxd4 25. Qd2 e5 26. Bd5+ Kh7 27. Bxd4 exd4 28. Qxd4 bxc4 29. bxc4 Ne6 30. Qa7+ Nc7 31. Qxa4 Nxd5 32.
cxd5 Qxd5 33. Qa7+ Kh8 34. Qb8+ Kh7 35. Qb3 Qc6 36. a3 Qc1+ 37. Kg2 Qc6+ 38. Qf3 Qb5 39. h4 h5 40. Qa8 f4 41. gxf4 Qe2 42. Qb7+ Kh6 43.
Qc8 Qe4+ 44. Kg3 Qd3+ 45. Kh2 1-0

[Event "Early-Titled-Tuesday-Blitz-March-26-2024"]
[Site "Chess.com"]
[Date "2024.03.26"]
[Round "7"]
[White "BlueWizzard"]
[Black "Ginger_GM"]
[Result "0-1"]
[WhiteElo "2842"]
[BlackElo "2606"]
[TimeControl "180+1"]
[EndTime "9:14:50 PDT"]
[Termination "Ginger_GM won on time"]

1. Nc3 c5 2. d4 cxd4 3. Qxd4 Nc6 4. Qd3 Nf6 5. e4 e6 6. Bf4 Bb4 7. O-O-O O-O 8. Nge2 d5 9. exd5 exd5 10. Bg5 Be6 11.
a3 Be7 12. Nf4 Rc8 13. Be2 Qa5 14. Qb5 Qc7 15. Bf3 d4 16. Nxe6 fxe6 17. Ne2 e5 18.
Kb1 Kh8 19. Ng3 a6 20. Qe2 Na5 21. Nf5 Bxa3 22. bxa3 Nc4 23. Ka2 Nxa3 24. Rd3 Nxc2 25. Rb3 Qa5+ 26. Kb2 Rc3 27. Bxf6 Rxb3+ 28. Kxb3 Qc3+ 29.
Ka2 gxf6 0-1

[Event "Early-Titled-Tuesday-Blitz-March-26-2024"]
[Site "Chess.com"]
[Date "2024.03.26"]
[Round "7"]
[White "Angry_Twin"]
[Black "FairChess_on_YouTube"]
[Result "0-1"]
[WhiteElo "2913"]
[BlackElo "3133"]
[TimeControl "180+1"]
[EndTime "9:14:51 PDT"]
[Termination "FairChess_on_YouTube won on time"]

1. e4 c5 2. Nf3 e6 3. d4 cxd4 4. Nxd4 Nc6 5. Nc3 Nf6 6. Ndb5 Bb4 7. a3 Bxc3+ 8. Nxc3 d5 9. exd5 exd5 10. Bd3 O-O 11. O-O d4 12. Ne4 Bf5 13. Bg5 Bxe4 14. Bxe4 h6 15. Bxf6 Qxf6 16. Qf3 Qxf3 17. Bxf3 Ne5 18.
Be4 Rac8 19. Rad1 Rfd8 20. b3 Rc7 21. Rd2 Ng4 22. Rfd1 Nf6 23. Bf3 b6 24. h3 g5 25.
c4 Rcd7 26. b4 h5 27. g4 hxg4 28. hxg4 d3 29. c5 bxc5 30. bxc5 Rd4 31. c6 Nxg4 32.
c7 Rc8 33. Rxd3 Ne5 34. Rxd4 Nxf3+ 35. Kg2 Nxd4 36. Rxd4 Rxc7 0-1

[Event "Early-Titled-Tuesday-Blitz-March-26-2024"]
[Site "Chess.com"]
[Date "2024.03.26"]
[Round "7"]
[White "Massakru"]
[Black "Golubovsky"]
[Result "1-0"]
[WhiteElo "2360"]
[BlackElo "2485"]
[TimeControl "180+1"]
[EndTime "9:14:51 PDT"]
[Termination "Massakru won by checkmate"]

1. e4 c5 2. Nf3 d6 3. c3 Nf6 4. h3 Nc6 5. Bd3 e5 6. Bc2 g6 7. O-O Bg7 8. d4 O-O 9. dxc5 dxc5 10. Be3 Qe7 11. Nbd2 b6 12. Qe2 Bb7 13. Rfd1 h6 14. Nc4 Ba6 15. Bd3 Rad8 16. Ncxe5 Nxe5 17. Bxa6 Nxe4 18. Bf4 f5 19. Nxe5 Bxe5 20. Bxe5 Qxe5 21. f3 Qg3 22. Bc4+ Kg7 23. fxe4 f4 24. Qf3 Qg5 25. Rd5 Rxd5 26. Bxd5 Qe5 27. Qg4 h5 28. Qd7+ Kh6 29. Qe6 Qc7 30. Rf1 f3 31. e5 Qd8 32. Bxf3 Qg5 33. Qd6 Rf5 34. e6 Qe3+ 35. Kh1 Re5 36.
Qf8+ Kg5 37. g3 h4 38. Qe7+ Kh6 39. Qxh4+ Kg7 40. Qe7+ Kh6 41. Qf8+ Kg5 42. h4# 1-0

[Event "Early-Titled-Tuesday-Blitz-March-26-2024"]
[Site "Chess.com"]
[Date "2024.03.26"]
[Round "7"]
[White "CADMartin"]
[Black "Andrei_Skvortsov"]
[Result "1-0"]
[WhiteElo "2525"]
[BlackElo "2724"]
[TimeControl "180+1"]
[EndTime "9:14:52 PDT"]
[Termination "CADMartin won on time"]

1. e4 d5 2. exd5 Qxd5 3. Nc3 Qe5+ 4. Nge2 Nf6 5. d4 Qa5 6. g3 c6 7. Bg2 Bf5 8. O-O Nbd7 9. a3 e6 10. b4 Bxb4 11. Bd2 Be7 12. Nd5 Qd8 13. Nxe7 Qxe7 14. Bb4 Qd8 15. Qd2 Nb6 16. Rab1 Nbd5 17. Nf4 Rb8 18. Rbe1 Nxb4 19. Qxb4 Qd7 20. c3 g5 21. Ne2 Nd5 22. Qb2 O-O 23. Rd1 Nb6 24. c4 Nxc4 25. Qc1 Nd6 26. Qxg5+ Bg6 27. Nf4 Qd8 28. Qe5 Ne8 29.
h4 Qd6 30. Qg5 Ng7 31. h5 f6 32. Qh4 Nf5 33. Qg4 Nh6 34. Qxe6+ Qxe6 35. Nxe6 Rfe8 36. Nf4 Bf7 37. d5 cxd5 38. Bxd5 Kg7 39. Bf3 Re7 40. Rd6 b5 41. Rfd1 a5 42. Rd7 Rbe8 43. Bc6 b4 44.
axb4 axb4 45. R7d4 Rc8 46. Bd5 b3 47. Bxf7 Nxf7 48.
Rb4 Rc3 49. Nd5 Rd7 50. Nxc3 1-0

[Event "Early-Titled-Tuesday-Blitz-March-26-2024"]
[Site "Chess.com"]
[Date "2024.03.26"]
[Round "7"]
[White "azikom"]
[Black "JoliyRoger"]
[Result "1-0"]
[WhiteElo "2617"]
[BlackElo "2424"]
[TimeControl "180+1"]
[EndTime "9:14:52 PDT"]
[Termination "azikom won on time"]

1. d4 Nf6 2. c4 e6 3. Nc3 Bb4 4. e3 c5 5. Ne2 cxd4 6. exd4 d5 7. a3 Bxc3+ 8. Nxc3 Nc6 9. c5 Ne4 10. Nxe4 dxe4 11.
Be3 O-O 12. Qd2 f5 13. Rd1 Ne7 14. Bf4 Nd5 15. Bd6 Rf6 16. Bc4 Bd7 17. O-O Bc6 18. b4 a6 19. Rfe1 Qd7 20. Be5 Rg6 21.
g3 Ne7 22. Rb1 Bd5 23. Bf1 Nc6 24. Bd6 Na7 25. Qe3 Bc6 26. Red1 Nc8 27. Be5 Ne7 28. Rdc1 Re8 29. Qb3 Nd5 30. b5 axb5 31. Bxb5 Rc8 32. Bxc6 bxc6 33. Qb7 Qe8 34. a4 f4 35. Qxc8 Qxc8 36.
Rb8 Qxb8 37. Bxb8 Nb4 38. a5 fxg3 39. hxg3 Na6 40. Be5 h5 41. Kf1 h4 42. gxh4 Rg4 43. Rb1 1-0

[Event "Early-Titled-Tuesday-Blitz-March-26-2024"]
[Site "Chess.com"]
[Date "2024.03.26"]
[Round "7"]
[White "Kotofeyca"]
[Black "Gennady_Kozlov"]
[Result "0-1"]
[WhiteElo "2493"]
[BlackElo "2662"]
[TimeControl "180+1"]
[EndTime "9:14:54 PDT"]
[Termination "Gennady_Kozlov won on time"]

1. d4 e6 2. c4 b6 3. Nc3 Bb7 4. Nf3 Nf6 5. a3 Be7 6. Bg5 Ne4 7. Nxe4 Bxe4 8. Bxe7 Qxe7 9. Nd2 Bb7 10. e4 d5 11.
cxd5 exd5 12. e5 c5 13. Bb5+ Bc6 14. Qa4 Qd7 15. Bxc6 Nxc6 16. dxc5 bxc5 17. O-O Nxe5 18. Qa5 Nd3 19. Qc3 c4 20. Qxg7 O-O-O 21. Nf3 Rhg8 22.
Qd4 Rg4 23. Qe3 Nf4 24. g3 Nh3+ 25. Kg2 Nf4+ 26. Kh1 Nd3 27. Nd4 Re4 28. Qd2 Rxd4 29. b3 Qh3 30. Qc3 Rh4 31. gxh4 Qf3+ 32. Kg1 Rg8+ 0-1

[Event "Early-Titled-Tuesday-Blitz-March-26-2024"]
[Site "Chess.com"]
[Date "2024.03.26"]
[Round "7"]
[White "Hope_6"]
[Black "Veleamater"]
[Result "0-1"]
[WhiteElo "2661"]
[BlackElo "2413"]
[TimeControl "180+1"]
[EndTime "9:14:54 PDT"]
[Termination "Veleamater won on time"]

1. d4 d6 2. c4 g6 3. Nc3 Bg7 4. e4 Nf6 5. f3 O-O 6. Be3 Nc6 7. Nge2 e5 8. d5 Ne7 9. Qd2 c6 10. O-O-O cxd5 11. cxd5 Bd7 12. g4 b5 13. Ng3 b4 14.
Nb5 Nc8 15. Qxb4 Rb8 16. Kb1 a6 17. Rc1 Bxb5 18. Bxb5 Rxb5 19. Qa4 Nxd5 20. exd5 e4 21. Rc2 exf3 22. Qxa6 Rxd5 23. Rhc1 Ne7 24. Bf4 g5 25.
Be3 Ra5 26. Qb7 Nd5 27. Bd2 Rc5 28. Rxc5 dxc5 29. Nf5 Bd4 30. Qxd5 Qxd5 31. Ne7+ Kg7 32. Nxd5 Re8 33. Bxg5 Re2 34. Rc2 f2 35. Rc1 Re1 0-1

[Event "Early-Titled-Tuesday-Blitz-March-26-2024"]
[Site "Chess.com"]
[Date "2024.03.26"]
[Round "7"]
[White "Iskusnyh"]
[Black "cthulhuuu"]
[Result "0-1"]
[WhiteElo "2612"]
[BlackElo "2413"]
[TimeControl "180+1"]
[EndTime "9:14:54 PDT"]
[Termination "cthulhuuu won on time"]

1. d4 Nf6 2. c4 e5 3. dxe5 Ng4 4. e3 Nxe5 5. Nh3 d5 6. Qxd5 Qe7 7. Nf4 g5 8. Nd3 Bg7 9. Nxe5 Bxe5 10. Be2 Nc6 11. O-O Bd7 12. Nc3 O-O-O 13. Qd1 Be6 14. Qa4 Qd6 15. Nb5 Qc5 16. Kh1 a6 17. Nc3 g4 18.
Ne4 Qe7 19. Rb1 f5 20. Ng3 h5 21. b4 h4 22. b5 hxg3 23. fxg3 Rxh2+ 24. Kg1 Bxg3 25. Bxg4 fxg4 26. Rf4 Rh1+ 27. Kxh1 Qh4+ 28. Kg1 Qh2+ 29. Kf1 Qh1+ 30. Ke2 Qxg2+ 0-1

[Event "Early-Titled-Tuesday-Blitz-March-26-2024"]
[Site "Chess.com"]
[Date "2024.03.26"]
[Round "7"]
[White "Orest_Vovk"]
[Black "Sattarov_Bobur"]
[Result "1-0"]
[WhiteElo "2596"]
[BlackElo "2835"]
[TimeControl "180+1"]
[EndTime "9:14:55 PDT"]
[Termination "Orest_Vovk won by resignation"]

1. h4 d5 2. h5 h6 3. e4 dxe4 4. Nc3 Nf6 5. Qe2 Qd4 6. Rh4 Nc6 7. Nxe4 Nxe4 8. Qxe4 Qxe4+ 9. Rxe4 Bf5 10. Rc4 O-O-O 11.
g4 Bh7 12. d3 e5 13. Ne2 Nb4 14. a3 Nd5 15. Nc3 Nb6 16. Rb4 Bxb4 17. axb4 a6 18. Be3 Nd5 19. Nxd5 Rxd5 20. Bg2 e4 21. dxe4 Rd6 22.
f3 Re8 23. Rd1 Rxd1+ 24. Kxd1 f5 25. gxf5 Bxf5 26. Bd4 Rd8 27. c3 Be6 28. Ke2 b6 29.
f4 Bg4+ 30. Bf3 Bxf3+ 31. Kxf3 Rd7 32. e5 Kd8 33. e6 Rd5 34. Kg4 Ke7 35. Bxg7 Kxe6 36.
Bxh6 Rd1 37. f5+ Kf7 38. Bf4 c5 39. bxc5 bxc5 40. h6 c4 41. Be5 Rh1 42. Kg5 Rg1+ 43.
Kf4 Rh1 44. Kg5 Rh2 45. Bxh2 1-0

[Event "Early-Titled-Tuesday-Blitz-March-26-2024"]
[Site "Chess.com"]
[Date "2024.03.26"]
[Round "7"]
[White "Harry_Rakkel"]
[Black "RebelJohnny"]
[Result "0-1"]
[WhiteElo "2720"]
[BlackElo "2572"]
[TimeControl "180+1"]
[EndTime "9:14:56 PDT"]
[Termination "RebelJohnny won on time"]

1. e4 c5 2. Nf3 d6 3. d4 cxd4 4.
Nxd4 Nf6 5. Nc3 a6 6. h4 e6 7. g4 d5 8. e5 Nfd7 9. f4 Nc6 10. Be3 Bc5 11. Qd2 Nxd4 12. Bxd4 Bxd4 13. Qxd4 Qb6 14. Qxb6 Nxb6 15. h5 Bd7 16. O-O-O Rc8 17.
h6 g6 18. Rh3 O-O 19. g5 Rc7 20. b3 Rfc8 21. Kb2 Be8 22. Bd3 Nd7 23. Rd2 Rxc3 24.
Bf5 Rxh3 25. Bxh3 Nc5 26. Rxd5 exd5 27. Bxc8 Bc6 28. Kc3 Ne6 29. Bxe6 fxe6 30. a4 b6 31. Kd4 a5 32. Kc3 Kf7 33. Kd4 Ke7 34. Kd3 Kd7 35.
Kd4 Kc7 36. Kc3 b5 37. axb5 Bxb5 38. Kd4 Kc6 39. c3 Bf1 0-1

[Event "Early-Titled-Tuesday-Blitz-March-26-2024"]
[Site "Chess.com"]
[Date "2024.03.26"]
[Round "7"]
[White "Mindhunter08"]
[Black "AA95"]
[Result "1-0"]
[WhiteElo "2657"]
[BlackElo "2481"]
[TimeControl "180+1"]
[EndTime "9:14:57 PDT"]
[Termination "Mindhunter08 won by checkmate"]

1. e4 c5 2. Nf3 d6 3. d4 cxd4 4. Nxd4 Nf6 5. Nc3 a6 6. h3 e5 7.
Nf3 Be7 8. g4 h6 9. Rg1 b5 10.
g5 hxg5 11. Nxg5 Bb7 12. Be3 Nbd7 13. a4 b4 14. Bc4 bxc3 15. Bxf7+ Kf8 16. Bg6 Kg8 17. b3 Rh6 18. Bf7+ Kh8 19. Ne6 Rh7 20. Nxd8 Rxd8 21. Qe2 Rf8 22. Bg6 Rh4 23. Bg5 Rxh3 24. Bf5 Rh2 25. Bxd7 Nxe4 26. Bxe7 Rfxf2 27. Qg4 Rd2 28.
Qxg7# 1-0

[Event "Early-Titled-Tuesday-Blitz-March-26-2024"]
[Site "Chess.com"]
[Date "2024.03.26"]
[Round "7"]
[White "artin10862"]
[Black "SirStrateg"]
[Result "1-0"]
[WhiteElo "2894"]
[BlackElo "2623"]
[TimeControl "180+1"]
[EndTime "9:14:59 PDT"]
[Termination "artin10862 won by resignation"]

1. e4 Nf6 2. e5 Nd5 3. d4 Nb6 4.
a4 a5 5. Nf3 d5 6. Bd3 Bg4 7. h3 Bxf3 8. Qxf3 e6 9. c3 c5 10. Na3 Nc6 11. Nc2 cxd4 12. cxd4 Be7 13. O-O Rc8 14. Qg4 g6 15. f4 h5 16. Qg3 Nd7 17. Be3 Qb6 18. Rfb1 Ndb8 19. Qf2 Na6 20.
Ne1 Nab4 21. Bb5 Kd7 22. Nf3 Kc7 23. g4 hxg4 24. hxg4 Kb8 25. Rc1 Rh3 26. Bf1 Rh7 27.
Rc3 Rch8 28. Kg2 Bh4 29. Qd2 Be7 30. Rb3 Qd8 31. Re1 Qf8 32. Kf2 Qh6 33. Bg2 Bh4+ 34. Nxh4 Qxh4+ 35. Kf3 Qh2 36. Bg1 Rh3+ 37. Kf2 Qg3+ 38.
Rxg3 Rxg3 39. Kxg3 Nxe5 40. fxe5 g5 41. Rf1 Nc6 42. Rxf7 Nxe5 43. dxe5 Rf8 44. Rxf8+ 1-0

[Event "Early-Titled-Tuesday-Blitz-March-26-2024"]
[Site "Chess.com"]
[Date "2024.03.26"]
[Round "7"]
[White "ChainedDowntohell"]
[Black "BilicVladimir"]
[Result "1-0"]
[WhiteElo "2529"]
[BlackElo "2670"]
[TimeControl "180+1"]
[EndTime "9:14:59 PDT"]
[Termination "ChainedDowntohell won by resignation"]

1. d4 d5 2. c4 dxc4 3. e3 e6 4.
Nf3 c5 5. Bxc4 cxd4 6. exd4 Nf6 7. O-O Be7 8. Nc3 O-O 9. h4 a6 10. Re1 b5 11. Bb3 Bb7 12. Bg5 Nc6 13. Qd2 Na5 14.
Rad1 Nxb3 15. axb3 Nd5 16. Ne4 Bxg5 17. hxg5 Ne7 18. Ne5 Qd5 19. Qe3 Ng6 20. Qg3 Rfd8 21. Nc5 Rac8 22. b4 Ba8 23. Nxa6 Rc2 24. b3 Nf4 25. Nc5 Ne2+ 26. Rxe2 Rxe2 27. Ra1 Qxd4 28. Ra7 Qxb4 29. Ncd7 Qd4 30. Nf6+ 1-0

[Event "Early-Titled-Tuesday-Blitz-March-26-2024"]
[Site "Chess.com"]
[Date "2024.03.26"]
[Round "7"]
[White "jinbojinbo"]
[Black "Manukyan_Artak"]
[Result "1-0"]
[WhiteElo "2640"]
[BlackElo "2461"]
[TimeControl "180+1"]
[EndTime "9:14:59 PDT"]
[Termination "jinbojinbo won on time"]

1. c4 e6 2. Nc3 Bb4 3. e3 c5 4. Nf3 f5 5. d4 Nf6 6. Bd2 O-O 7. Bd3 b6 8. O-O Bb7 9. a3 Bxc3 10. Bxc3 Ne4 11. Be1 d6 12. Nd2 Nd7 13. f3 Nxd2 14. Qxd2 e5 15. dxc5 dxc5 16. Rd1 Bc6 17. Bg3 Qe7 18.
b4 Rad8 19. b5 Ba8 20. Qc2 e4 21. fxe4 Bxe4 22. Bxe4 fxe4 23. Rxf8+ Nxf8 24. Rxd8 Qxd8 25. Qxe4 Qd1+ 26. Kf2 Qd2+ 27. Kf1 Qc1+ 28. Ke2 Qb2+ 29. Kf3 Qf6+ 30. Qf4 Qe7 31. Qf5 g6 32. Qd5+ Ne6 33. Be5 h5 34. h3 Kh7 35. Kg3 Ng5 36. Kh2 Nf7 37. Bb8 h4 38. e4 Ng5 39. Qa8 Qxe4 40.
Qxe4 1-0

[Event "Early-Titled-Tuesday-Blitz-March-26-2024"]
[Site "Chess.com"]
[Date "2024.03.26"]
[Round "7"]
[White "Irina_Mikhaylova"]
[Black "Boorchess"]
[Result "1-0"]
[WhiteElo "2360"]
[BlackElo "2554"]
[TimeControl "180+1"]
[EndTime "9:14:59 PDT"]
[Termination "Irina_Mikhaylova won on time"]

1. d4 g6 2. Nf3 Bg7 3. c4 d6 4. Nc3 a6 5. e4 e6 6. Be2 h6 7.
O-O Ne7 8. Be3 g5 9. d5 Ng6 10. Nd4 O-O 11. Re1 Qe7 12. Qd2 Nd7 13. b4 Bxd4 14. Bxd4 e5 15. Be3 Nf4 16. Bf1 Nf6 17.
c5 Ng4 18. Rac1 f5 19. f3 Nxe3 20. Qxe3 g4 21. cxd6 cxd6 22. g3 Qg5 23. gxf4 exf4 24. Qd4 Bd7 25. exf5 Rxf5 26. Ne4 Qh4 27. fxg4 Qxg4+ 28. Kh1 Kh7 29. Nf2 Qg6 30. Bd3 1-0

[Event "Early-Titled-Tuesday-Blitz-March-26-2024"]
[Site "Chess.com"]
[Date "2024.03.26"]
[Round "7"]
[White "Suleyman_Chess06"]
[Black "TigrVShlyape"]
[Result "1-0"]
[WhiteElo "2727"]
[BlackElo "2906"]
[TimeControl "180+1"]
[EndTime "9:15:01 PDT"]
[Termination "Suleyman_Chess06 won on time"]

1. Nf3 d5 2. g3 Nf6 3. Bg2 c6 4. O-O Bf5 5. c4 e6 6. d3 dxc4 7. dxc4 Qxd1 8. Rxd1 h6 9. Nc3 Nbd7 10. Bf4 g5 11. Be3 a5 12. Nd4 Bg6 13. h3 Rc8 14. Rd2 Bb4 15. a3 Bxc3 16. bxc3 Ne5 17. Rb2 Nxc4 18.
Rxb7 Nxe3 19. fxe3 Nd5 20. Nxc6 Rxc6 21. Rb8+ Ke7 22.
Rxh8 Rxc3 23. Bxd5 exd5 24. Kf2 Kf6 25. Ra8 Rc5 26.
Rd1 Be4 27. Ra6+ Kg7 28. Rd2 h5 29. Ra7 Rc1 30. Rxa5 Rh1 31. Rdxd5 Bxd5 32. Rxd5 Kg6 33. Kg2 Re1 34. Rd2 Ra1 35. Rd3 g4 36. hxg4 hxg4 37. Rb3 f5 38. Kf2 Kf6 39. Rb6+ Ke5 40. Ra6 Kd5 41.
a4 Ke5 42. a5 Ra3 43. Ra8 Kf6 44. a6 Kg7 45. a7 Kh7 46. Ke1 Ra2 47. Kd1 Kg7 48.
Kc1 Ra6 49. Kd2 Ra3 50. Kc2 Ra6 51. Kc3 Ra4 52. Kb3 Ra1 53. Kc4 Ra5 54. Kb4 Ra2 55. Kc5 Ra1 56. Kb6 Rb1+ 57. Kc6 Rc1+ 58. Kd6 Ra1 59. Ke5 Ra5+ 60. Ke6 Kh7 61. Kf6 1-0

[Event "Early-Titled-Tuesday-Blitz-March-26-2024"]
[Site "Chess.com"]
[Date "2024.03.26"]
[Round "7"]
[White "Practical-Play"]
[Black "kidagent"]
[Result "1-0"]
[WhiteElo "2504"]
[BlackElo "2320"]
[TimeControl "180+1"]
[EndTime "9:15:01 PDT"]
[Termination "Practical-Play won on time"]

1. d4 d5 2. e4 dxe4 3. f3 exf3 4. Nxf3 Nf6 5. Bd3 Bg4 6. c3 e6 7. O-O c5 8. Qe1 Bxf3 9. Rxf3 cxd4 10. Qg3 Nc6 11.
Na3 Qd6 12. Bf4 e5 13. Nc4 Qc5 14. Nxe5 dxc3+ 15. Re3 Nxe5 16. Bxe5 Be7 17. Bd6 cxb2 18.
Re1 O-O 19. Bxe7 Qb6 20. Bxf8 Rxf8 21. Kh1 Qc6 22. Bb1 Nd5 23. Rb3 Qc1 24. Qe5 Nf4 25. Rxb2 Qc4 26. Rd2 Ng6 27. Qe4 Qc5 28. Qd4 Qg5 29.
Rf1 h6 30. Rdf2 Nh4 31. Qf4 1-0

[Event "Early-Titled-Tuesday-Blitz-March-26-2024"]
[Site "Chess.com"]
[Date "2024.03.26"]
[Round "7"]
[White "yuriydovzik"]
[Black "Josgar05"]
[Result "0-1"]
[WhiteElo "2128"]
[BlackElo "2358"]
[TimeControl "180+1"]
[EndTime "9:15:02 PDT"]
[Termination "Josgar05 won on time"]

1. b3 d5 2. Bb2 c5 3. e3 Nc6 4. Bb5 Qc7 5. f4 a6 6. Bxc6+ Qxc6 7.
Nf3 Bg4 8. h3 Bxf3 9. Qxf3 Nf6 10. O-O Qd7 11. d3 e6 12. Nd2 Be7 13. f5 O-O 14. e4 dxe4 15. Nxe4 Nxe4 16. Qxe4 Qd5 17. fxe6 fxe6 18. Qg4 e5 19. Rae1 Bf6 20. Qe4 Rad8 21. Qxd5+ Rxd5 22. Re4 Re8 23. Rf5 Kf7 24. g4 g6 25. Rf3 Ke6 26. Kg2 b5 27. a4 b4 28.
Rc4 Rf8 29. Re4 Kd6 30. h4 Be7 31. Rxf8 Bxf8 32. g5 Be7 33. Kf3 Ke6 34. Kg4 Bd8 35.
Re1 Bc7 36. Rf1 e4 37. dxe4 Rd2 38. Rf6+ Ke7 39. Rc6 Bb8 40. Rxc5 Rg2+ 41. Kf3 Rg3+ 0-1

[Event "Early-Titled-Tuesday-Blitz-March-26-2024"]
[Site "Chess.com"]
[Date "2024.03.26"]
[Round "7"]
[White "esteban062000"]
[Black "Viktor_Poddubnyi"]
[Result "0-1"]
[WhiteElo "2149"]
[BlackElo "2322"]
[TimeControl "180+1"]
[EndTime "9:15:02 PDT"]
[Termination "Viktor_Poddubnyi won by resignation"]

1. e4 g6 2. d4 Bg7 3. Nf3 d6 4. Nc3 Nf6 5. Bc4 c6 6. O-O d5 7.
exd5 cxd5 8. Bb5+ Bd7 9. Bg5 Bxb5 10. Nxb5 a6 11. Nc3 O-O 12. Re1 Nc6 13. Qd2 e6 14. Bh6 Qb6 15. Bxg7 Kxg7 16. Na4 Qb5 17. b3 Rac8 18. Nc5 Nxd4 19. Nxd4 Qxc5 20. Rxe6 Ne4 21. Qe3 Qc3 22. Qxc3 Rxc3 23. Re7 Nc5 24. b4 Rc4 25. bxc5 Rxd4 26. Rxb7 Rc8 27. Re1 Rxc5 28. Ree7 Rd1+ 0-1

[Event "Early-Titled-Tuesday-Blitz-March-26-2024"]
[Site "Chess.com"]
[Date "2024.03.26"]
[Round "7"]
[White "newyorkmouse"]
[Black "Savagelittlemole"]
[Result "0-1"]
[WhiteElo "2702"]
[BlackElo "2505"]
[TimeControl "180+1"]
[EndTime "9:15:04 PDT"]
[Termination "Savagelittlemole won by checkmate"]

1. Nf3 Nf6 2. b3 c5 3. Bb2 Nc6 4. e3 d6 5. d4 cxd4 6. exd4 g6 7. Be2 Bg7 8. O-O O-O 9. Re1 Bg4 10. c4 Rc8 11. h3 Bxf3 12. Bxf3 Nd7 13. Na3 a6 14. Qd2 e5 15. dxe5 Ndxe5 16. Bd5 Rc7 17. g3 Qc8 18. Bg2 Qf5 19. Rad1 Rd7 20. Nc2 Nf3+ 21. Bxf3 Qxf3 22. Bxg7 Kxg7 23. Ne3 Ne5 24. Nd5 h5 25. c5 h4 26.
cxd6 hxg3 27. Rxe5 gxf2+ 28. Kf1 Rxd6 29. Qd4 f6 30.
Re7+ Rf7 31. Rxf7+ Kxf7 32. Rd2 Re6 33. Rd1 Qe2+ 34.
Kg2 f1=Q+ 35. Kg3 Qfxd1 36. Qb6 Qdd3+ 37. Kh4 Qh5# 0-1

[Event "Early-Titled-Tuesday-Blitz-March-26-2024"]
[Site "Chess.com"]
[Date "2024.03.26"]
[Round "7"]
[White "ZenBull"]
[Black "NewYearGirl"]
[Result "1-0"]
[WhiteElo "2320"]
[BlackElo "2426"]
[TimeControl "180+1"]
[EndTime "9:15:04 PDT"]
[Termination "ZenBull won by resignation"]

1. c4 c6 2. Nf3 d5 3. d4 Nf6 4. Nbd2 e6 5. g3 Nbd7 6. Bg2 Bd6 7. O-O O-O 8. b3 Re8 9. Bb2 dxc4 10. Nxc4 Bc7 11. Rc1 Nb6 12. Nxb6 Bxb6 13. Qc2 Bd7 14.
Rfd1 Rc8 15. Ne5 Rc7 16. Qb1 Qe7 17. Nd3 Rec8 18. b4 a5 19. a3 axb4 20. axb4 Nd5 21. Ba1 Ra8 22. e3 Rcc8 23. Nc5 Be8 24. Bc3 Nxc3 25.
Rxc3 f6 26. Qb3 Bf7 27. Qc2 Bxc5 28. bxc5 Ra7 29. Rb1 Rca8 30. Qd1 Ra3 31. Rxa3 Rxa3 32. Qc1 Ra2 33. Rb2 Rxb2 34. Qxb2 h5 35. h4 Qc7 36.
Qa3 e5 37. dxe5 Qxe5 38. Qa8+ Kh7 39. Qxb7 Qa1+ 40. Kh2 Qe1 41. Qxf7 Qxf2 42. Qxh5+ Kg8 43.
Qe8+ Kh7 44. Qe4+ Kg8 45. Qxc6 Qxe3 46. Qd5+ Kh7 47. c6 f5 48. Qxf5+ Kh6 49. Qf4+ Qxf4 50. gxf4 Kh5 51. c7 g5 52. c8=Q 1-0

[Event "Early-Titled-Tuesday-Blitz-March-26-2024"]
[Site "Chess.com"]
[Date "2024.03.26"]
[Round "7"]
[White "Chessmissile07"]
[Black "Onischuk_V"]
[Result "0-1"]
[WhiteElo "2914"]
[BlackElo "2820"]
[TimeControl "180+1"]
[EndTime "9:15:05 PDT"]
[Termination "Onischuk_V won by checkmate"]

1. a3 g6 2. c4 Bg7 3. g3 Nf6 4.
Bg2 O-O 5. Nc3 d6 6. e4 c5 7.
Nge2 Nc6 8. O-O Nd7 9. d3 Nd4 10. Nxd4 Bxd4 11. Qe2 a6 12. Be3 Bg7 13. Rfd1 b5 14.
d4 cxd4 15. Bxd4 Bxd4 16. Rxd4 Rb8 17. cxb5 axb5 18. Rad1 Ne5 19. Nd5 Be6 20. Ne3 Qb6 21. f4 Nc6 22. R4d2 b4 23. a4 Rfc8 24. Kh1 Ra8 25. Nd5 Qa6 26. Qe3 Qxa4 27. Nb6 Qa7 28. Qg1 Na5 29. Nxa8 Qxa8 30. e5 Qb8 31. exd6 exd6 32.
Rxd6 Nc4 33. R6d4 Nxb2 34. Rb1 Nc4 35. Qe1 b3 36. Rd3 b2 37. Qe2 Bf5 38. Be4 Re8 39.
Rd4 Bxe4+ 40. Rxe4 Qb7 41. Qxc4 Rxe4 42. Rxb2 Re1# 0-1

[Event "Early-Titled-Tuesday-Blitz-March-26-2024"]
[Site "Chess.com"]
[Date "2024.03.26"]
[Round "7"]
[White "Matrix3x3a"]
[Black "Kacparov"]
[Result "0-1"]
[WhiteElo "2622"]
[BlackElo "2893"]
[TimeControl "180+1"]
[EndTime "9:15:05 PDT"]
[Termination "Kacparov won by resignation"]

1. d4 Nf6 2. c4 e6 3. Nf3 Bb4+ 4. Bd2 a5 5. Nc3 O-O 6. e3 b6 7. Bd3 Bb7 8. O-O d6 9. Re1 Bxc3 10. Bxc3 Ne4 11.
Bxe4 Bxe4 12. Nd2 Bb7 13. e4 Nd7 14. b3 f5 15. d5 e5 16. Rf1 Qh4 17. Qe2 Rae8 18.
g3 Qh3 19. f3 Bc8 20. exf5 Qxf5 21. Ne4 Nf6 22. Nxf6+ Qxf6 23. Rae1 Bh3 24. Rf2 Qg6 25. Qe4 Bf5 26. Qe3 h5 27. Kh1 Re7 28. a3 Ref7 29. f4 Bd7 30. Rg1 Bf5 31. Re1 Bd7 32. Rg1 a4 33. b4 b5 34. c5 Qf5 35. Rd1 Bc8 36. Rdd2 h4 37. Kg1 exf4 38. gxf4 Bd7 39. Rg2 Re8 40. Qd4 Re1+ 41. Kf2 Ree7 42. Kg1 Qb1+ 43. Rd1 Qf5 44. cxd6 cxd6 45. Rf1 Bc8 46. Rg5 Qc2 47. f5 Re5 48. f6 Rxg5+ 0-1